 Dungeon Crawl Stone Soup version 0.29.1-15-g9cfb28693d (webtiles) character file.

Game seed: 9769318516003118108

356 javelincjr the Magician (level 6, -11/44 HPs)
             Began as a Djinni Conjurer on Mar 10, 2023.
             Mangled by an ice beast (13 damage)
             ... on level 5 of the Dungeon.
             The game lasted 00:09:07 (5284 turns).

javelincjr the Magician (Djinni Conjurer)           Turns: 5284, Time: 00:09:07

Health: -11/44     AC:  2    Str:  8    XL:     6   Next: 96%
Gold:   209        EV: 13    Int: 19    God:
                   SH:  0    Dex: 12

rFire   + + .      SeeInvis .   w - +2 trident (venom)
rCold   x . .      Faith    .   (no shield)
rNeg    . . .      Spirit   .   a - +0 robe
rPois   ∞          Reflect  .   (no helmet)
rElec   .          Harm     .   (no cloak)
rCorr   .          Rampage  .   (no gloves)
Will    .....                   (boots unavailable)
Stlth   ++........              (no amulet)
HPRegen 0.14/turn               (no ring)
MPRegen 0.00/turn               (no ring)

@: flying, very slightly contaminated
A: sickness immunity, fire resistance 2, cold vulnerability 1, float, innate
caster, HP casting, extra vitality 1
a: no special abilities


You were on level 5 of the Dungeon.
You visited 1 branch of the dungeon, and saw 5 of its levels.

You collected 209 gold pieces.

Inventory:

Hand Weapons
 w - a +2 trident of venom (weapon)
Armour
 a - a +0 robe (worn)
 n - the +1 ring mail "Puroiggu" {Dex+4}
   (You found it on level 2 of the Dungeon)

   Dex:       It affects your dexterity (+4).
Magical Staves
 o - a staff of death
Scrolls
 b - a scroll of amnesia {unknown}
 d - 6 scrolls of identify {unknown}
 e - a scroll of blinking {unknown}
 g - 2 scrolls of vulnerability {unknown}
 j - a scroll of poison {unknown}
 k - 3 scrolls of teleportation {unknown}
 l - a scroll of fear {unknown}
 m - 2 scrolls of brand weapon {unknown}
 t - a scroll of silence {unknown}
Potions
 c - 2 potions of mutation {unknown}
 f - 2 potions of ambrosia {unknown}
 h - a potion of degeneration {unknown}
 i - a potion of brilliance {unknown}
 p - a potion of flight {unknown}
 q - a potion of berserk rage {unknown}
 r - a potion of curing {unknown}
 s - 2 potions of might {unknown}
 u - a potion of resistance {unknown}
 v - a potion of magic {unknown}


   Skills:
 * Level 2.3 Fighting
 + Level 1.3 Staves
 + Level 1.6 Armour
 + Level 3.6 Dodging
 + Level 2.7 Stealth
 * Level 4.1 Spellcasting
 + Level 1.4 Evocations


You couldn't memorise any spells.
You knew the following spells:

 Your Spells              Type           Power      Damage    Failure   Level
a - Magic Dart            Conj           76%        1d6       2%          1
b - Searing Ray           Conj           38%        2d5       3%          2
c - Dazzling Flash        Conj/Hex       38%        N/A       8%          3
d - Fulminant Prism       Conj/Hex       9%         3d7       26%         4
e - Iskenderun's Mystic   Conj/Tloc      19%        2d6       26%         4
f - Freeze                Ice            76%        1d9       2%          1
g - Ensorcelled Hibernat  Hex/Ice        38%        N/A       3%          2
Your spell library was empty.

Dungeon Overview and Level Annotations

Branches:
Dungeon (5/15)
 Temple: D:4-7

Altars:
Nemelex Xobeh
Qazlal
Trog

Shops:
D:1 =

Annotations:
D:5 1 transporter, Soil's ghost, novice HuBe


Innate Abilities, Weirdness & Mutations

You are immune to sickness and miasma.
You are immune to poison.
Your flesh is very heat resistant. (rF++)
You are vulnerable to cold. (rC-)
You float through the air rather than walking.
You learn spells naturally, not from books.
Your magical power is your life essence.
You have superior vitality. (+4 MHP)


Message History

You kill the orc!
Casting: Magic Dart (safe; 2% risk of failure)
Confirm with . or Enter, or press ? or * to list all spells.
Aiming: Magic Dart (safe; 2% risk of failure)
Press: ? - help, Shift-Dir - straight line, f - ice beast
Aim: an ice beast (heavily wounded, 100% to hit)
The magic dart hits the ice beast but does no damage.
The ice beast is heavily wounded.
Casting: Magic Dart (safe; 2% risk of failure)
Confirm with . or Enter, or press ? or * to list all spells.
The spell is quite dangerous to miscast (26% risk of failure)!
Continue anyway?
You miscast Iskenderun's Mystic Blast.
You are very lightly contaminated with residual magic.
You catch a glimpse of the back of your own head.
You are magically locked in place.
You cannot move.
You closely miss the ice beast.
The ice beast is heavily wounded.
The ice beast closely misses you.
You closely miss the ice beast.
The ice beast is heavily wounded.
The ice beast hits you. The ice beast freezes you!!
You feel a terrible chill!
* * * LOW HITPOINT WARNING * * *
Casting: Iskenderun's Mystic Blast (quite dangerous; 26% risk of failure)
Confirm with . or Enter, or press ? or * to list all spells.
The spell is quite dangerous to miscast (26% risk of failure)!
Continue anyway?
You erupt in a blast of force!
The mystic blast hits the orc.
The orc is heavily wounded.
The orc is knocked back by the mystic blast.
The mystic blast hits the ice beast.
The ice beast is severely wounded.
The ice beast is knocked back by the mystic blast.
The ice beast slams into the rock wall!
The ice beast is almost dead.
* * * LOW HITPOINT WARNING * * *
You are no longer locked in place.
The ice beast hits you.
* * * LOW HITPOINT WARNING * * *
The ice beast freezes you!
You feel a terrible chill!
You die...

#.............
##.............
#.........©....
###.....#########
###....).##8.....8#
#........#.Y.......
###########>#......#..#...#?.
.Y.........).Jo....#.#.....#.
#.#############Y@..#W...©....
#.## ###..#J#.....#. .#.####
#..#..#... ###.#.## #..#....[
# ##.#.## ..o##8.[ #.###.#
...#### # ##.#.## .......
###.#.## #......
.#.##........


You could see 2 ice beasts, 2 jellies, Soil's ghost and 2 orcs.

Vanquished Creatures
  3 scorpions (D:4)
  A jelly (D:4)
  2 iguanas (D:4)
  An adder (D:4)
  A white imp (D:5)
  2 ufetubi (D:4)
  3 worms
  2 dart slugs
  4 orcs
  14 ball pythons
  3 endoplasms
  2 goblins
  4 hobgoblins
  2 jackals (D:1)
  6 kobolds
  2 quokkas (D:1)
  9 bats
  4 frilled lizards
  5 rats
70 creatures vanquished.

Vanquished Creatures (others)
  A fulminant prism (D:5)
1 creature vanquished.

Grand Total: 71 creatures vanquished

Notes
Turn   | Place    | Note
-------+----------+-------------------------------------------
     0 | D:1      | javelincjr the Djinni Conjurer began the quest for the Orb.
     0 | D:1      | javelincjr set off with the following spells memorised:
                  | Magic Dart, Searing Ray, Dazzling Flash, Fulminant Prism,
                  | Iskenderun's Mystic Blast.
     0 | D:1      | Reached XP level 1. HP: 15/15 MP: 0/0
   330 | D:1      | Reached XP level 2. HP: 11/21 MP: 0/0
   810 | D:1      | Reached XP level 3. HP: 23/25 MP: 0/0
   810 | D:1      | Learned a level 1 spell: Freeze
   930 | D:1      | Found Axtyc's Jewellery Shoppe.
  1701 | D:2      | Identified the +1 ring mail "Puroiggu" {Dex+4}
  2046 | D:2      | Found a bloodstained altar of Trog.
  2154 | D:2      | Found a sparkling altar of Nemelex Xobeh.
  2420 | D:2      | You are sucked into a shaft and drop 2 floors!
  2427 | D:4      | Reached XP level 4. HP: 29/31 MP: 0/0
  3812 | D:4      | Reached skill level 1 in Fighting
  3812 | D:4      | Reached XP level 5. HP: 21/37 MP: 0/0
  3812 | D:4      | Learned a level 2 spell: Ensorcelled Hibernation
  4015 | D:4      | Reached skill level 1 in Staves
  4015 | D:4      | Reached skill level 1 in Armour
  4015 | D:4      | Reached skill level 1 in Evocations
  4173 | D:4      | Reached skill level 4 in Spellcasting
  4173 | D:4      | Reached XP level 6. HP: 20/43 MP: 0/0
  4978 | D:5      | Entered Level 5 of the Dungeon
  4981 | D:5      | Found a transporter.
  4981 | D:5      | Noticed Soil's ghost (novice HuBe)
  4981 | D:5      | Noticed an ice beast
  5027 | D:5      | Identified the +10 glaive "Bung" {elec, rPois}
  5050 | D:5      | Found a stormy altar of Qazlal.
  5056 | D:5      | Noticed an ice beast
  5284 | D:5      | HP: 2/44 [ice beast (2)]
  5284 | D:5      | Mangled by an ice beast

Illustrated notes

Levels and vault maps discovered:
D:1:      dpeg_arrival_connections, layout_basic, serial_shops,
          nicolae_shop_statue_plus
D:2:      layout_loops_ring, basic_altar, minmay_hexomino_r4
D:3:      layout_basic, minmay_misc_feat_doors
D:4:      layout_basic
D:5:      layout_loops_ring, mainiacjoe_overflow_chevrons, gammafunk_ghost_arena

Skill      XL: |  1  2  3  4  5  6 |
---------------+-------------------+-----
Stealth        | 2 |  2.7
Dodging        | 3 |  3.6
Fighting       | 1 2 |  2.3
Staves         | 1 |  1.3
Armour         | 1 |  1.6
Evocations     | 1 |  1.4
Spellcasting   | 4 |  4.1

Action                   |  1- 3 |  4- 6 || total
-------------------------+-------+-------++-------
Melee: Trident           |       |    23 ||    23
 Cast: Magic Dart        |    79 |    52 ||   131
       Searing Ray       |       |     7 ||     7
       Freeze            |       |     7 ||     7
       Dazzling Flash    |       |     2 ||     2
       Iskenderun's Myst |       |     1 ||     1
       Fulminant Prism   |       |     1 ||     1
 Stab: Sleeping          |       |     1 ||     1
Armor: Robe              |     1 |     5 ||     6
Dodge: Dodged            |     3 |    29 ||    32
